 Dungeon Crawl Stone Soup version 0.18-a0-917-g8a3da5b (webtiles) character file.

612 st0uf the Ruffian (level 7, 0/67 HPs)
             Began as a Troll Monk on Dec 26, 2015.
             Was a Priest of Makhleb.
             Slain by Anouleth's ghost (15 damage)
             ... on level 7 of the Dungeon.
             The game lasted 00:13:34 (3074 turns).

st0uf the Ruffian (Troll Monk)                      Turns: 3074, Time: 00:13:34

Health: 0/67       AC:  5    Str: 22    XL:     7   Next: 20%
Magic:  7/7        EV: 11    Int:  6    God:    Makhleb [***...]
Gold:   228        SH:  0    Dex: 12    Spells: 0 memorised, 6 levels left

rFire  . . .     SeeInvis .       - Unarmed
rCold  . . .     Gourm    +     a - +0 robe
rNeg   . . .     Faith    .     (no shield)
rPois  .         Spirit   .     (helmet restricted)
rElec  .         Dismiss  .     p - -1 cloak (curse)
rCorr  .         Reflect  .     (gloves unavailable)
SustAt .         Harm     .     (boots unavailable)
MR     .....                    (no amulet)
Stlth  +.........               (no ring)
                                (no ring)

@: not resistant to hostile enchantments, very unstealthy
A: unfitting armour, claws 3, fast metabolism 3, gourmand, regeneration 2,
shaggy fur 1, tough skin 2
a: Minor Destruction, Lesser Servant of Makhleb, Renounce Religion


You were on level 7 of the Dungeon.
You worshipped Makhleb.
Makhleb was most pleased with you.
You were completely stuffed.

You visited 2 branches of the dungeon, and saw 7 of its levels.

You collected 228 gold pieces.

Inventory:

Armour
 a - a +0 robe (worn)
 j - a +2 large shield
 p - a cursed -1 cloak (worn)
Wands
 v - a wand of frost (26/48)
Scrolls
 c - a scroll of magic mapping {unknown}
 d - 2 scrolls of remove curse {unknown}
 e - 2 scrolls of random uselessness {unknown}
 g - 7 scrolls of identify {unknown}
 h - a scroll of immolation {unknown}
 l - 2 scrolls of fear {unknown}
 n - a scroll of recharging {unknown}
 o - a scroll of teleportation {unknown}
Potions
 f - 3 potions of heal wounds {unknown}
 m - 2 potions of lignification {unknown}
 q - a potion of cure mutation {unknown}
 r - 2 potions of poison {unknown}
 s - a potion of berserk rage {unknown}
 t - a potion of agility {unknown}
 w - a potion of might {unknown}
 x - a potion of flight {unknown}
Comestibles
 b - 5 bread rations
 i - 6 chunks of flesh
 k - 3 fruits
 u - a royal jelly


   Skills:
 + Level 3.5 Fighting
 + Level 4.4 Dodging
 - Level 1.1 Stealth
 + Level 6.2 Unarmed Combat
 * Level 2.2 Invocations


You had 6 spell levels left.
You didn't know any spells.

Dungeon Overview and Level Annotations

Branches:
Dungeon (5/15)             Temple (1/1) D:5

Altars:
Gozag
Makhleb
Nemelex Xobeh
Pakellas
Vehumet
Xom
Zin

Annotations:
D:7 Anouleth's ghost, novice HOFi


Innate Abilities, Weirdness & Mutations

You are too large for most types of armour.
You have claws for hands.
Your metabolism is lightning-fast.
You like to eat raw meat.
You heal very quickly.
You are covered in fur (AC +1).
You have very tough skin (AC +2).


Message History

The crocodile barely misses you.
You closely miss the crocodile.
The crocodile is moderately wounded.
Anouleth's ghost hits you! The crocodile bites you!
You completely miss the crocodile.
The crocodile is moderately wounded.
Anouleth's ghost hits you!
* * * LOW HITPOINT WARNING * * *
You claw the crocodile!
The crocodile is heavily wounded.
The crocodile bites you.
* * * LOW HITPOINT WARNING * * *
Anouleth's ghost hits you but does no damage.
You scratch the crocodile but do no damage.
The crocodile is heavily wounded.
The crocodile bites you but does no damage.
You barely miss the crocodile.
The crocodile is heavily wounded.
Anouleth's ghost hits you!
You die...

......................
.##.##.#..##.#...###. #.
.##.##.......#...# ...
.##.####..#.##...###....
...W####..#.....%.......
.##.(...................
.##.#............###...
.....#......####W# .
...#.###....# #@#
...........$# #t#
#..#.###.#........
#..#.. ............ #.
#. ##.#######.#.# ...
..... ... #.#.## #.. #.#
# #..#


You could see a crocodile and Anouleth's ghost.

Vanquished Creatures
  2 giant frogs
  2 crimson imps
  3 orc priests
  Crazy Yiuf (D:3)
  Natasha (thrice) (D:3)
  Terence (D:3)
  2 orc wizards
  A worker ant (D:3)
  4 gnolls (D:4)
  5 adders
  2 worms (D:2)
  2 giant geckos
  9 orcs
  A ball python (D:1)
  4 bats
  4 giant cockroaches
  12 hobgoblins
  A quokka (D:2)
  3 giant newts
  10 goblins
  6 kobolds
  4 rats
82 creatures vanquished.

Notes
Turn   | Place    | Note
--------------------------------------------------------------
     0 | D:1      | st0uf the Troll Monk began the quest for the Orb.
     0 | D:1      | Reached XP level 1. HP: 22/22 MP: 0/0
   219 | D:2      | Reached XP level 2. HP: 29/29 MP: 1/1
   361 | D:3      | Noticed Natasha
   363 | D:3      | Killed Natasha
   363 | D:3      | Reached XP level 3. HP: 27/36 MP: 2/2
   373 | D:4      | Noticed a giant frog
   379 | D:4      | Killed a giant frog
   379 | D:4      | Reached skill level 5 in Unarmed Combat
   379 | D:4      | Reached XP level 4. HP: 37/44 MP: 3/3
   391 | D:5      | Entered Level 5 of the Dungeon
   428 | D:5      | Found a staircase to the Ecumenical Temple.
   447 | Temple   | Entered the Ecumenical Temple
   455 | Temple   | Became a worshipper of Makhleb the Destroyer
   455 | Temple   | Reached * piety under Makhleb
   455 | Temple   | Reached ** piety under Makhleb
   932 | D:1      | Reached XP level 5. HP: 53/53 MP: 4/4
  1395 | D:2      | Reached skill level 1 in Invocations
  2088 | D:3      | Noticed Crazy Yiuf
  2095 | D:3      | Killed Crazy Yiuf
  2233 | D:3      | Noticed Terence
  2242 | D:3      | Killed Terence
  2242 | D:3      | Reached *** piety under Makhleb
  2245 | D:3      | Reached XP level 6. HP: 52/61 MP: 6/6
  2399 | D:3      | Noticed Natasha
  2403 | D:3      | Killed Natasha
  2564 | D:3      | Noticed Natasha
  2569 | D:3      | Killed Natasha
  2943 | D:4      | Reached skill level 6 in Unarmed Combat
  2964 | D:4      | Reached XP level 7. HP: 49/67 MP: 7/7
  3026 | D:4      | You fall through a shaft for 3 floors!
  3026 | D:7      | Noticed Anouleth's ghost (novice HOFi)
  3074 | D:7      | Slain by Anouleth's ghost

Vault maps used:
D:1:      elethiomel_arrival_quiet
D:2:      serial_bayou, serial_bayou_shore_a, serial_bayou_pond_b,
          serial_bayou_pond_c, serial_bayou_lagoon_a, dk_noncrumbling_4,
          guppyfry_early_orc_mine
D:3:      first_bread, uniq_natasha, uniq_crazy_yiuf_cottage, uniq_terence
D:5:      kennysheep_mini_moat, grunt_qazlal_sundering, marbit_many_paths,
          temple_pool_b, basic_altar
D:7:      serial_shops, shop
Temple:   circular_temple_12

Action                   |  1- 3 |  4- 6 |  7- 9 || total
-------------------------+-------+-------+-------++-------
Melee: Unarmed           |    51 |   187 |    29 ||   267
 Stab: Sleeping          |     1 |     3 |       ||     4
  Eat: Chunk             |     9 |    23 |     2 ||    34
